 Dungeon Crawl Stone Soup version 0.16.2-2-g470672f (webtiles) character file.

192 FruitAndGarbage the Firebug (level 5, -3/31 HPs)
             Began as a Deep Elf Fire Elementalist on Aug 26, 2015.
             Killed by divine providence
             ... invoked by an orc priest
              (10 damage)
             ... on level 3 of the Dungeon.
             The game lasted 00:08:14 (2027 turns).

FruitAndGarbage the Firebug (DEFE)                  Turns: 2027, Time: 00:08:14

Health: -3/31      AC:  2    Str:  5    XL:     5   Next: 42%
Magic:  5/18       EV: 14    Int: 21    God:
Gold:   113        SH:  0    Dex: 15    Spells: 4 memorised, 1 level left

rFire  + . .     SeeInvis .     e - -2 dagger (curse)
rCold  . . .     Clarity  .     a - +0 robe
rNeg   . . .     SustAb   .     (no shield)
rPois  .         Gourm    .     (no helmet)
rElec  .         Spirit   .     (no cloak)
rCorr  .         Warding  .     (no gloves)
rMut   .         Stasis   .     (no boots)
MR     .....                    (no amulet)
Stlth  ++........               (no ring)
                                l - ring of protection from fire

@: very slightly contaminated, not resistant to hostile enchantments, unstealthy
A: robust 1, evolution 1, MP-powered wands 1
a: no special abilities


You were on level 3 of the Dungeon.
You were hungry.

You visited 1 branch of the dungeon, and saw 3 of its levels.

You collected 113 gold pieces.

Inventory:

Hand weapons
 e - a cursed -2 dagger (weapon)
Armour
 a - a +0 robe (worn)
Jewellery
 l - a ring of protection from fire (left hand)
Scrolls
 f - 4 scrolls of identify {unknown}
 h - a scroll of fear {unknown}
 i - a scroll of teleportation {unknown}
 j - 2 scrolls of enchant weapon {unknown}
 k - a scroll of random uselessness {unknown}
Books
 b - a book of Flames

   Spells                             Type                      Level
   a - Flame Tongue                   Conjuration/Fire             1
   b - Throw Flame                    Conjuration/Fire             2
   c - Conjure Flame                  Conjuration/Fire             3
   d - Inner Flame                    Hexes/Fire                   3
   e - Sticky Flame                   Conjuration/Fire             4
   f - Fireball                       Conjuration/Fire             5
Comestibles
 c - a bread ration
 d - a beef jerky
 g - a meat ration
 m - a chunk of flesh


   Skills:
 * Level 1.0 Fighting
 * Level 1.6 Armour
 * Level 3.9 Dodging
 + Level 2.5 Stealth
 + Level 4.0 Spellcasting
 + Level 2.3 Conjurations
 + Level 4.1 Fire Magic


You had one spell level left.
You knew the following spells:

 Your Spells              Type           Power        Failure   Level  Hunger
a - Flame Tongue          Conj/Fire      ###..        3%          1    None
b - Throw Flame           Conj/Fire      ###...       6%          2    #......
c - Conjure Flame         Conj/Fire      ###.....     12%         3    ###....
d - Fireball              Conj/Fire      ###.......   87%         5    ######.


Dungeon Overview and Level Annotations

Branches:
Dungeon (3/15)

Altars:
Ashenzari


Innate Abilities, Weirdness & Mutations

You are robust (+10% HP).
You evolve.
You expend magic power (3 MP) to slightly strengthen your wands.


Message History

The flame tongue misses the orc priest.
The orc closely misses you.
Casting: Flame Tongue
Confirm with . or Enter, or press ? or * to list all spells.
Aiming: Flame Tongue
Press: ? - help, Shift-Dir - straight line, f/p - orc priest
Aim: an orc priest, wielding a club and wearing a chain mail (lightly wounded)
You miscast Flame Tongue.
You are very lightly contaminated with residual magic.
Nothing appears to happen.
The orc priest hits you with a club.
* * * LOW HITPOINT WARNING * * *
Casting: Flame Tongue
Confirm with . or Enter, or press ? or * to list all spells.
Aiming: Flame Tongue
Press: ? - help, Shift-Dir - straight line, f/p - orc priest
Aim: an orc priest, wielding a club and wearing a chain mail (lightly wounded)
The flame tongue hits the orc priest.
The orc priest is moderately wounded.
The orc priest calls down the wrath of Beogh upon you.
Something smites you!
You die...

......##.#.......+...##
.......##.##......###.##
........##.#............#
.........#....########.#.#
........#................
#..#..#...#########.#..
#...#....# #.##. #.oo#..#
#.##. #.).#@..#... ..##.
#...#.o.#...#.. ..##.
#...#...#...#...# ..###
..#...#...#...#.. #
..#...#...#.. # #
#...#...#... . #...#...#.
#...# . #..


You could see an orc priest and 2 orcs.

Vanquished Creatures
  An orc priest (D:3)
  4 gnolls (D:2)
  8 adders
  2 worms
  A giant gecko (D:2)
  An ooze (D:1)
  An orc (D:3)
  2 ball pythons (D:1)
  2 giant cockroaches
  4 goblins
  2 hobgoblins
  5 kobolds
  7 bats
  3 giant newts (D:2)
  5 rats
48 creatures vanquished.

Notes
Turn   | Place    | Note
--------------------------------------------------------------
     0 | D:1      | FruitAndGarbage, the Deep Elf Fire Elementalist, began the quest for the Orb.
     0 | D:1      | Reached XP level 1. HP: 10/10 MP: 5/5
   215 | D:1      | Reached XP level 2. HP: 12/15 MP: 1/8
   219 | D:1      | Learned a level 2 spell: Throw Flame
   484 | D:1      | Gained mutation: You evolve. [potion of mutation]
   484 | D:1      | Gained mutation: You expend magic power (3 MP) to slightly strengthen your wands. [potion of mutation]
   484 | D:1      | Gained mutation: You are robust (+10% HP). [potion of mutation]
   660 | D:2      | Reached XP level 3. HP: 15/22 MP: 5/10
   665 | D:2      | Learned a level 3 spell: Conjure Flame
   814 | D:2      | Reached skill level 1 in Armour
  1048 | D:2      | Reached XP level 4. HP: 10/26 MP: 3/13
  1153 | D:2      | Reached skill level 4 in Fire Magic
  1387 | D:2      | Found a shattered altar of Ashenzari.
  1541 | D:2      | Reached skill level 1 in Fighting
  1841 | D:3      | Reached XP level 5. HP: 20/31 MP: 12/17
  1848 | D:3      | Learned a level 5 spell: Fireball
  2027 | D:3      | Killed from afar by an orc priest

Action                   |  1- 3 |  4- 6 || total
-------------------------+-------+-------++-------
Melee: Dagger            |     9 |       ||     9
 Cast: Flame Tongue      |    64 |    56 ||   120
       Conjure Flame     |     1 |       ||     1
       Throw Flame       |       |     4 ||     4
  Use: Potion            |     4 |     2 ||     6
  Eat: Chunk             |       |     3 ||     3
